 Dungeon Crawl Stone Soup version 0.30-a0-1066-g63dfefce0d (webtiles) character file.

Game seed: 5288806221719665506

28 MachoJfn the Magician (level 3, -3/25 HPs)
             Began as a Djinni Ice Elementalist on Apr 12, 2023.
             Slain by a cerulean imp
             ... wielding a +4 spear
             ... summoned by Natasha
              (4 damage)
             ... on level 2 of the Dungeon.
             The game lasted 00:04:00 (719 turns).

MachoJfn the Magician (Djinni Ice Elementalist)      Turns: 719, Time: 00:04:00

Health: -3/25      AC:  8    Str:  9    XL:     3   Next: 30%
Gold:   67         EV: 12    Int: 16    God:
                   SH:  0    Dex: 13

rFire   + + .      SeeInvis .    (no weapon)
rCold   x . .      Faith    .    (no shield)
rNeg    . . .      Spirit   .    a - +0 robe
rPois   ∞          Reflect  .    (no helmet)
rElec   .          Rampage  .    (no cloak)
rCorr   .                        (no gloves)
Will    .....                    (boots unavailable)
Stlth   ++                       (no amulet)
HPRegen 0.24/turn                (no ring)
MPRegen 0.00/turn                (no ring)

@: ice-armoured, attractive, flying, slowed, very slow
A: sickness immunity, fire resistance 2, cold vulnerability 1, float, innate
caster, HP casting, extra vitality 1
a: no special abilities


You were on level 2 of the Dungeon.
You visited 1 branch of the dungeon, and saw 2 of its levels.

You collected 67 gold pieces.

Inventory:

Armour
 a - a +0 robe (worn)
Jewellery
 e - a ring of flight
Scrolls
 d - a scroll of immolation {unknown}
 h - 2 scrolls of torment {unknown}
Potions
 c - a potion of degeneration {unknown}
 f - a potion of heal wounds {unknown}
 g - a potion of flight {unknown}


   Skills:
 + Level 2.2 Dodging
 + Level 1.5 Stealth
 + Level 4.0 Spellcasting


You knew the following spells:

 Your Spells              Type           Power      Damage    Failure   Level
a - Freeze                Ice            64%        1d7       3%          1
b - Frozen Ramparts       Ice            32%        1d5       10%         3
c - Ozocubu's Armour      Ice            16%        N/A       10%         3
d - Summon Ice Beast      Ice/Summ       16%        N/A       32%         4
e - Sting                 Tmut/Pois      64%        1d6       3%          1
Your spell library was empty.

Dungeon Overview and Level Annotations

Branches:
Dungeon (2/15)

Altars:

Annotations:
D:2 Natasha


Innate Abilities, Weirdness & Mutations

You are immune to sickness and miasma.
You are immune to poison.
Your flesh is very heat resistant. (rF++)
You are vulnerable to cold. (rC-)
You float through the air rather than walking.
You learn spells naturally, not from books.
Your magical power is your life essence.
You have superior vitality. (+4 MHP)


Message History

You freeze Natasha.
Natasha is severely wounded.
Natasha casts a spell at you. The magic dart hits you.
The cerulean imp hits you from afar with a +4 spear.
The cerulean imp misses you.
Casting: Freeze (safe; 3% risk of failure)
Confirm with . or Enter, or press ? or * to list all spells.
Aiming: Freeze (safe; 3% risk of failure)
Press: ? - help, Shift-Dir - straight line, f/p - Natasha
Aim: Natasha, carrying a wand of flame (21) (severely wounded)
You freeze Natasha.
Natasha is almost dead.
Natasha claws you!
* * * LOW HITPOINT WARNING * * *
The cerulean imp hits you but does no damage. x2
Casting: Freeze (safe; 3% risk of failure)
Confirm with . or Enter, or press ? or * to list all spells.
Aiming: Freeze (safe; 3% risk of failure)
Press: ? - help, Shift-Dir - straight line, f/p - Natasha
Aim: Natasha, carrying a wand of flame (21) (almost dead)
You freeze Natasha.
Natasha is almost dead.
* * * LOW HITPOINT WARNING * * *
Natasha casts a spell at you.
You feel yourself slow down. The cerulean imp closely misses you.
The cerulean imp hits you but does no damage.
Casting: Freeze (safe; 3% risk of failure)
Confirm with . or Enter, or press ? or * to list all spells.
You don't have enough health to cast this spell.
Unknown command.
Casting: Freeze (safe; 3% risk of failure)
Confirm with . or Enter, or press ? or * to list all spells.
You don't have enough health to cast this spell.
Unknown command.
It was a potion of attraction.
You feel attractive to monsters.
Natasha drinks a potion.
Natasha is healed!
The cerulean imp hits you from afar with a +4 spear.
You die...

#........
#........
#........
#........
#........
#........#
#.h5.....#
#@†5.....#
#........#
#........#
######........#
#.............#
#.......†.....#
#......#.#<#.##
#......#.###.#
#......#.....#


You could see Natasha and 2 cerulean imps.

Vanquished Creatures
  4 ball pythons (D:1)
  4 bats (D:1)
  An endoplasm (D:1)
  3 goblins (D:1)
  5 hobgoblins
  2 quokkas (D:1)
  3 frilled lizards (D:1)
  2 rats
24 creatures vanquished.

Notes
Turn   | Place    | Note
-------+----------+-------------------------------------------
     0 | D:1      | MachoJfn the Djinni Ice Elementalist began the quest for
                  | the Orb.
     0 | D:1      | MachoJfn set off with the following spells memorised:
                  | Freeze, Frozen Ramparts, Ozocubu's Armour, Summon Ice
                  | Beast.
     0 | D:1      | Reached XP level 1. HP: 15/15 MP: 0/0
   103 | D:1      | Reached XP level 2. HP: 17/21 MP: 0/0
   359 | D:1      | Reached XP level 3. HP: 22/25 MP: 0/0
   359 | D:1      | Learned a level 1 spell: Sting
   703 | D:2      | Reached skill level 4 in Spellcasting
   705 | D:2      | Noticed Natasha
   719 | D:2      | Slain by a cerulean imp

Illustrated notes

Levels and vault maps discovered:
D:1:      spicycebolla_arrival_ecumenical, layout_basic,
          amcnicky_mini_pool_small
D:2:      layout_basic, uniq_natasha

Skill      XL: |  1  2  3 |
---------------+----------+-----
Spellcasting   | 4 |  4.0
Dodging        | |  2.2
Stealth        | |  1.5

Action                     || total
---------------------------++-------
  Melee: Unarmed           ||     5
   Cast: Freeze            ||    45
         Ozocubu's Armour  ||     1
         Frozen Ramparts   ||     1
    Use: Potion            ||     1
 Armour: Robe              ||    11
  Dodge: Dodged            ||    28

Table legend: (Time is in decaauts)
 A = Elapsed time spent in this place.
 B = Non-inter-level travel time spent in this place.
 C = Inter-level travel time spent in this place.
 D = Time resting spent in this place.
 E = Time spent auto-exploring this place.
 F = Levels seen in this place.
 G = Mean time per level.
                   A        B        C        D        E       F      G
               +--------+--------+--------+--------+--------+-----+--------+
         Total |    718 |    672 |     46 |     24 |    501 |   2 |  359.0 |
       Dungeon |    718 |    672 |     46 |     24 |    501 |   2 |  359.0 |
               +--------+--------+--------+--------+--------+-----+--------+

Top non-repeatable levels by time:
     D:1: 657 daAuts
     D:2: 61 daAuts
